3L
HOUSTON 1837 BBC @ WIZARDING EXPRESS
09/21/2033
 
TOP OF THE 1ST
Houston 1837 BBC batting - Pitching for Wizarding Express : LHP Bradley Roth
Pitching: LHP Bradley Roth
Batting: RHB Juan Chávez 0-0: Ball
1-0: Ball
2-0: Called Strike
2-1: Foul Ball, location: 2F
2-2: Ball
3-2: Base on Balls
Batting: RHB Xavier Pérez 0-0: Ball
1-0: Called Strike
1-1: Foul Ball, location: 2F
1-2: Ground out 4-3 (Groundball, 4S)
Juan Chávez to second
Batting: RHB Jon Osterman 0-0: Ball
1-0: Reached on error, E1 (Groundball, 13)
Juan Chávez scores
Batting: RHB Sotaro Sakata 0-0: Ball
1-0: Called Strike
1-1: Called Strike
1-2: Fly out, F7 (Flyball, 7S)
Batting: RHB Norm Chodorow 0-0: Ground out 4-3 (Groundball, 4M)
Top of the 1st over - 1 run, 0 hits, 1 error, 1 left on base; Houston 1 - Wizarding 0
BOTTOM OF THE 1ST
Wizarding Express batting - Pitching for Houston 1837 BBC : RHP Darweshi Hadiya
Pitching: RHP Darweshi Hadiya
Batting: RHB Louis Gibbons 0-0: Called Strike
0-1: SOLO HOME RUN (Flyball, 9D), Distance : 337 ft
Batting: LHB José Corona 0-0: Fly out, F7 (Flyball, 7)
Batting: SHB Salvador Trevino 0-0: Called Strike
0-1: Called Strike
0-2: Strikes out swinging
Batting: LHB Jin-yong Myung 0-0: Ball
1-0: Ball
2-0: Ground out U3 (Groundball, 34S)
Bottom of the 1st over - 1 run, 1 hit, 0 errors, 0 left on base; Houston 1 - Wizarding 1
TOP OF THE 2ND
Houston 1837 BBC batting - Pitching for Wizarding Express : LHP Bradley Roth
Batting: LHB Mike Houston 0-0: Called Strike
0-1: Fly out, F8 (Flyball, 8RXD)
Batting: RHB Komotay Koffie 0-0: Called Strike
0-1: Swinging Strike
0-2: Foul Ball, location: 2F
0-2: Strikes out swinging
Batting: LHB Owen Sharts 0-0: Ball
1-0: Ball
2-0: SINGLE (Line Drive, 6MD)
Batting: RHB Joey Trifone 0-0: Ball
1-0: Ball
2-0: Called Strike
2-1: Foul Ball, location: 2F
2-2: Ball
3-2: Foul Ball, location: 2F
3-2: Foul Ball, location: 2F
3-2: Base on Balls
Owen Sharts to second
Batting: RHB Juan Chávez 0-0: Called Strike
0-1: Called Strike
0-2: Ball
1-2: Ball
2-2: Ball
3-2: Base on Balls
Owen Sharts to third
Joey Trifone to second
Batting: RHB Xavier Pérez 0-0: Ball
1-0: Ball
2-0: Called Strike
2-1: Ball
3-1: Called Strike
3-2: Foul Ball, location: 2F
3-2: Base on Balls
Owen Sharts scores
Joey Trifone to third
Juan Chávez to second
Batting: RHB Jon Osterman 0-0: Fielders Choice at 2nd, 6-4 (Groundball, 6)
Top of the 2nd over - 1 run, 1 hit, 0 errors, 3 left on base; Houston 2 - Wizarding 1
BOTTOM OF THE 2ND
Wizarding Express batting - Pitching for Houston 1837 BBC : RHP Darweshi Hadiya
Batting: RHB Paul Penrice 0-0: Foul Ball, location: 2F
0-1: Swinging Strike
0-2: Ground out 6-3 (Groundball, 6)
Batting: LHB António Boccanegra 0-0: Ball
1-0: Ball
2-0: Foul Ball, location: 2F
2-1: Ball
3-1: Foul Ball, location: 2F
3-2: Ground out 5-3 (Groundball, 5)
Batting: RHB Ramón Valdéz 0-0: Called Strike
0-1: SINGLE (Groundball, 6MD)
Batting: LHB Jesús Lazcano 0-0: Ball
1-0: Called Strike
Ramón Valdéz steals 2nd base
1-1: Ball
2-1: Foul Ball, location: 2F
2-2: Fly out, F5 (Popup, 5)
Bottom of the 2nd over - 0 runs, 1 hit, 0 errors, 1 left on base; Houston 2 - Wizarding 1
TOP OF THE 3RD
Houston 1837 BBC batting - Pitching for Wizarding Express : LHP Bradley Roth
Batting: RHB Sotaro Sakata 0-0: Called Strike
0-1: Swinging Strike
0-2: Ball
1-2: Foul Ball, location: 2F
1-2: Ball
2-2: Ball
3-2: Foul Ball, location: 2F
3-2: Strikes out swinging
Batting: RHB Norm Chodorow 0-0: Ground out 6-3 (Groundball, 6)
Batting: LHB Mike Houston 0-0: SINGLE (Groundball, 34D)
Batting: RHB Komotay Koffie 0-0: Ball
1-0: Called Strike
1-1: Ball
2-1: Swinging Strike
2-2: Ball
3-2: Reached on error, E6 (Groundball, 6)
Mike Houston to second
Batting: LHB Owen Sharts 0-0: Ground out U3 (Groundball, 3L)
Top of the 3rd over - 0 runs, 1 hit, 1 error, 2 left on base; Houston 2 - Wizarding 1
BOTTOM OF THE 3RD
Wizarding Express batting - Pitching for Houston 1837 BBC : RHP Darweshi Hadiya
Batting: RHB Robinson Barquero 0-0: Swinging Strike
0-1: Swinging Strike
0-2: Strikes out swinging
Batting: RHB Louis Gibbons 0-0: Swinging Strike
0-1: SINGLE (Groundball, 34D)
Batting: LHB José Corona 0-0: Ball
1-0: Ball
Throwing error on steal attempt, E2
Louis Gibbons to third
2-0: Ball
3-0: Called Strike
3-1: Foul Ball, location: 2F
3-2: Fly out, F7 (Flyball, 78M)
Runner from 3rd tags up, SCORES, throw made
Batting: SHB Salvador Trevino 0-0: Fly out, F8 (Flyball, 8LXD)
Bottom of the 3rd over - 1 run, 1 hit, 1 error, 0 left on base; Houston 2 - Wizarding 2
TOP OF THE 4TH
Houston 1837 BBC batting - Pitching for Wizarding Express : LHP Bradley Roth
Batting: RHB Joey Trifone 0-0: Ball
1-0: Called Strike
1-1: Ball
2-1: Ball
3-1: Swinging Strike
3-2: Fly out, F9 (Flyball, 9LS)
Batting: RHB Juan Chávez 0-0: Ball
1-0: Ground out 6-3 (Groundball, 6M)
Batting: RHB Xavier Pérez 0-0: Ball
1-0: Ball
2-0: Fly out, F7 (Flyball, 7S)
Top of the 4th over - 0 runs, 0 hits, 0 errors, 0 left on base; Houston 2 - Wizarding 2
BOTTOM OF THE 4TH
Wizarding Express batting - Pitching for Houston 1837 BBC : RHP Darweshi Hadiya
Batting: LHB Jin-yong Myung 0-0: Fly out, F9 (Flyball, 9S)
Batting: RHB Paul Penrice 0-0: Called Strike
0-1: SINGLE (Groundball, 6D)
Batting: LHB António Boccanegra 0-0: Ball
1-0: Swinging Strike
1-1: Ball
2-1: Fly out, F5 (Popup, 5SF)
Batting: RHB Ramón Valdéz 0-0: Called Strike
0-1: Ball
1-1: Ball
2-1: Ball
3-1: Base on Balls
Paul Penrice to second
Pitching: RHP Nicolas Roche
Batting: LHB Jesús Lazcano 0-0: Fly out, F3 (Line Drive, 34)
Bottom of the 4th over - 0 runs, 1 hit, 0 errors, 2 left on base; Houston 2 - Wizarding 2
TOP OF THE 5TH
Houston 1837 BBC batting - Pitching for Wizarding Express : LHP Bradley Roth
Batting: RHB Jon Osterman 0-0: Called Strike
0-1: Foul Ball, location: 2F
0-2: Ball
1-2: Ball
2-2: Fly out, F7 (Flyball, 7LS)
Batting: RHB Sotaro Sakata 0-0: Called Strike
0-1: Ball
1-1: Ball
2-1: Swinging Strike
2-2: Ball
3-2: Base on Balls
Batting: RHB Norm Chodorow 0-0: Swinging Strike
0-1: Ball
1-1: 2-RUN HOME RUN (Flyball, 7LD), Distance : 340 ft
Batting: LHB Mike Houston 0-0: Ball
1-0: Foul Ball, location: 2F
1-1: Swinging Strike
1-2: Strikes out swinging
Batting: RHB Komotay Koffie 0-0: Foul Ball, location: 2F
0-1: Called Strike
0-2: Ball
1-2: Strikes out swinging
Top of the 5th over - 2 runs, 1 hit, 0 errors, 0 left on base; Houston 4 - Wizarding 2
BOTTOM OF THE 5TH
Wizarding Express batting - Pitching for Houston 1837 BBC : RHP Nicolas Roche
Batting: RHB Robinson Barquero 0-0: Ball
1-0: Fly out, F4 (Popup, 23)
Batting: RHB Louis Gibbons 0-0: Fly out, F9 (Flyball, 9D)
Batting: LHB José Corona 0-0: Ball
1-0: Ground out 1-3 (Groundball, 13S)
Bottom of the 5th over - 0 runs, 0 hits, 0 errors, 0 left on base; Houston 4 - Wizarding 2
TOP OF THE 6TH
Houston 1837 BBC batting - Pitching for Wizarding Express : LHP Bradley Roth
Batting: LHB Owen Sharts 0-0: Swinging Strike
0-1: Ball
1-1: Ball
2-1: Ball
3-1: Called Strike
3-2: Foul Ball, location: 2F
3-2: Strikes out swinging
Pitching: LHP Hao Wei
Batting: RHB Joey Trifone 0-0: Ground out 3-1 (Groundball, 34)
Batting: RHB Juan Chávez 0-0: Fly out, F9 (Line Drive, 9S)
Top of the 6th over - 0 runs, 0 hits, 0 errors, 0 left on base; Houston 4 - Wizarding 2
BOTTOM OF THE 6TH
Wizarding Express batting - Pitching for Houston 1837 BBC : RHP Nicolas Roche
Batting: SHB Salvador Trevino 0-0: Ball
1-0: Fly out, F7 (Flyball, 7LSF)
Batting: LHB Jin-yong Myung 0-0: Fly out, F7 (Flyball, 7S)
Batting: RHB Paul Penrice 0-0: Fly out, F9 (Flyball, 9D)
Bottom of the 6th over - 0 runs, 0 hits, 0 errors, 0 left on base; Houston 4 - Wizarding 2
TOP OF THE 7TH
Houston 1837 BBC batting - Pitching for Wizarding Express : LHP Hao Wei
Batting: RHB Xavier Pérez 0-0: Called Strike
0-1: Ball
1-1: Ball
2-1: Foul Ball, location: 2F
2-2: Ball
3-2: Foul Ball, location: 2F
3-2: Foul Ball, location: 2F
3-2: Strikes out looking
Batting: RHB Jon Osterman 0-0: Called Strike
0-1: Called Strike
0-2: Ball
1-2: Ball
2-2: Ball
3-2: Foul Ball, location: 2F
3-2: Fly out, F7 (Flyball, 7D)
Batting: RHB Sotaro Sakata 0-0: Called Strike
0-1: Ball
1-1: Ball
2-1: Called Strike
2-2: Ball
3-2: Strikes out looking
Top of the 7th over - 0 runs, 0 hits, 0 errors, 0 left on base; Houston 4 - Wizarding 2
BOTTOM OF THE 7TH
Wizarding Express batting - Pitching for Houston 1837 BBC : RHP Nicolas Roche
Pitching: RHP Pedro Valdéz
Batting: LHB António Boccanegra 0-0: Called Strike
0-1: Ball
1-1: Ball
2-1: SINGLE (Groundball, 6MD)
Batting: RHB Ramón Valdéz 0-0: Called Strike
0-1: Fly out, F8 (Flyball, 89D)
Batting: LHB Jesús Lazcano 0-0: Swinging Strike
0-1: Foul Ball, location: 2F
0-2: Strikes out swinging
Batting: RHB Robinson Barquero 0-0: Ball
1-0: Fielders Choice at 2nd, 5-4 (Groundball, 56)
Bottom of the 7th over - 0 runs, 1 hit, 0 errors, 1 left on base; Houston 4 - Wizarding 2
TOP OF THE 8TH
Houston 1837 BBC batting - Pitching for Wizarding Express : LHP Hao Wei
Batting: RHB Norm Chodorow 0-0: Ball
1-0: SINGLE (Groundball, 6MD)
Batting: LHB Mike Houston 0-0: Bunt missed!
0-1: Sac Bunt - play at first, batter OUT! 2-4
Norm Chodorow to second
Batting: RHB Komotay Koffie 0-0: Intentional Walk
Batting: LHB Owen Sharts 0-0: Ball
1-0: Swinging Strike
1-1: Called Strike
1-2: Ball
2-2: Strikes out swinging
Batting: RHB Joey Trifone 0-0: Called Strike
0-1: Fly out, F7 (Flyball, 78S)
Top of the 8th over - 0 runs, 1 hit, 0 errors, 2 left on base; Houston 4 - Wizarding 2
BOTTOM OF THE 8TH
Wizarding Express batting - Pitching for Houston 1837 BBC : RHP Pedro Valdéz
Batting: RHB Louis Gibbons 0-0: Called Strike
0-1: Ball
1-1: Ball
2-1: Ball
3-1: Base on Balls
Batting: LHB José Corona 0-0: Ball
1-0: Fly out, F7 (Flyball, 78M)
Batting: SHB Salvador Trevino 0-0: Ball
1-0: Called Strike
1-1: Foul Ball, location: 2F
1-2: Ball
2-2: Strikes out swinging
Batting: LHB Jin-yong Myung 0-0: Ball
1-0: Ball
2-0: Ground out 4-3 (Groundball, 4)
Bottom of the 8th over - 0 runs, 0 hits, 0 errors, 1 left on base; Houston 4 - Wizarding 2
TOP OF THE 9TH
Houston 1837 BBC batting - Pitching for Wizarding Express : LHP Hao Wei
Batting: RHB Juan Chávez 0-0: SINGLE (Line Drive, 9LM)
Batting: RHB Xavier Pérez 0-0: Called Strike
0-1: Foul Ball, location: 2F
0-2: Foul Ball, location: 2F
0-2: Reached on error, E6 (Groundball, 6MD)
Juan Chávez to second
Batting: RHB Jon Osterman 0-0: Called Strike
0-1: Swinging Strike
0-2: Ground out 5-3 (Groundball, 56S)
Juan Chávez to third
Xavier Pérez to second
Pitching: RHP Yeon-kyu Kim
Batting: RHB Sotaro Sakata 0-0: Ball
1-0: Ball
2-0: Called Strike
2-1: Foul Ball, location: 2F
2-2: Foul Ball, location: 2F
2-2: Strikes out looking
Batting: RHB Norm Chodorow 0-0: Ball
1-0: Ball
2-0: SINGLE (Line Drive, 8LS)
Juan Chávez scores
Xavier Pérez to third
Runner from 3rd tries for Home, SAFE, throw made home
Batting: LHB Mike Houston 0-0: Ball
1-0: Ball
2-0: Foul Ball, location: 2F
2-1: Swinging Strike
2-2: Ball
3-2: Base on Balls
Norm Chodorow to second
Batting: RHB Komotay Koffie 0-0: Called Strike
0-1: Ball
1-1: Ball
2-1: Called Strike
2-2: Fielders Choice at 2nd, 6-4 (Groundball, 6)
Top of the 9th over - 2 runs, 2 hits, 1 error, 2 left on base; Houston 6 - Wizarding 2
BOTTOM OF THE 9TH
Wizarding Express batting - Pitching for Houston 1837 BBC : RHP Pedro Valdéz
Batting: RHB Paul Penrice 0-0: Called Strike
0-1: Ball
1-1: Ball
2-1: Ball
3-1: Foul Ball, location: 2F
3-2: Base on Balls
Batting: LHB António Boccanegra 0-0: Swinging Strike
0-1: Called Strike
0-2: Foul Ball, location: 2F
0-2: Strikes out looking
Batting: RHB Ramón Valdéz 0-0: Ball
1-0: Fly out, F8 (Flyball, 8LS)
Batting: LHB Jesús Lazcano 0-0: Called Strike
0-1: Foul Ball, location: 2F
0-2: Foul Ball, location: 2F
0-2: Ground out 1-3 (Groundball, 15)
Bottom of the 9th over - 0 runs, 0 hits, 0 errors, 1 left on base; Houston 6 - Wizarding 2
Saturday, December 22nd, 2018 - OOTP Baseball 18.8 Build 76